 Dungeon Crawl Stone Soup version 0.15.0-12-gccce430 (console) character file.

176 gw the Cudgeler (level 5, -3/57 HPs)
             Began as an Ogre Berserker on Sept 2, 2014.
             Was a Priest of Trog.
             Slain by Sigmund
             ... wielding a +4 scythe
              (9 damage)
             ... on Level 4 of the Dungeon.
             The game lasted 00:01:21 (3485 turns).

gw the Cudgeler (Ogre Berserker)                    Turns: 3485, Time: 00:01:21

HP  -3/57        AC  4     Str 22      XL: 5   Next: 56%
MP   5/5         EV 10     Int  6      God: Trog [***...]
Gold 0           SH  0     Dex  9 (10) Spells:  0 memorised,  4 levels left

rFire  . . .     SeeInvis .     a - +0 mace
rCold  . . .     Clarity  .     b - +0 animal skin
rNeg   . . .     rCorr    .     (shield restricted)
rPois  .         rRot     .     (helmet restricted)
rElec  .         Spirit   .     l - +0 cloak
SustAb .         Warding  .     (gloves unavailable)
rMut   .         Stasis   .     (boots unavailable)
Gourm  .                        (no amulet)
MR     .....                    (no ring)
                                (no ring)

@: not resistant to hostile enchantments, very unstealthy
A: unfitting armour, tough skin 1
a: Burn Spellbooks, Berserk, Trog's Hand, Renounce Religion


You were on level 4 of the Dungeon.
You worshipped Trog.
Trog was most pleased with you.
You were not hungry.

You visited 1 branch of the dungeon, and saw 4 of its levels.

Inventory:

Hand weapons
 a - a +0 mace (weapon)
Missiles
 g - 82 stones (quivered)
Armour
 b - a +0 animal skin (worn)
 l - a +0 cloak (worn)
Comestibles
 d - 2 beef jerkies
 k - a bread ration
Scrolls
 f - 3 scrolls of identify
 h - 3 scrolls of remove curse
 j - a scroll of teleportation


   Skills:
 + Level 5.0 Fighting
 * Level 6.2 Maces & Flails
 + Level 2.3 Throwing
 + Level 3.3 Dodging


You had 4 spell levels left.
You didn't know any spells.

Dungeon Overview and Level Annotations

Branches:
Dungeon (4/15)
 Temple: D:4-7

Altars:
Cheibriados
Kikubaaqudgha
Makhleb
Sif Muna
Vehumet
Xom
The Shining One

Annotations:
D:4 Sigmund


Innate Abilities, Weirdness & Mutations

You are too large for most types of armour.
You have tough skin (AC +1).


Message History

Trog accepts your kill.
The giant cockroach bites you but does no damage.
The quokka bites you.
The giant cockroach bites you but does no damage.
ATTACKING (-1,1)
You hit the giant cockroach.
You kill the giant cockroach!
Trog accepts your kill. The quokka barely misses you. The jackal misses you.
ATTACKING (-1,1)
You barely miss the jackal.
The quokka bites you but does no damage.
Something hits you! The jackal barely misses you.
The quokka bites you but does no damage.
ATTACKING (-1,0)
You hit the hobgoblin skeleton. The jackal closely misses you.
The hobgoblin skeleton closely misses you.
Something hits you!
You die...

... #......? #.......
.##...... .....>....
.....%.... .........#
.....#...# ....%...oZO#
#.........hr#
#..........l# . ..
#.........o# ..# ..
#..........## ...# ..
#...........#...# ..###
#...............#
....###.......!..#.o...#
..........###....###.>..


You could see 2 orcs, a quokka, a jackal, a giant newt and a hobgoblin skeleton.

Table legend:
 A = Turns spent in this place as a percentage of turns spent in the entire game.
 B = Non-inter-level travel turns spent in this place as a percentage of non-inter-level travel turns spent in the entire game.
 C = Inter-level travel turns spent in this place as a percentage of turns spent in this place.
 D = Turns resting spent in this place as a percentage of non-inter-level travel turns spent in this place.
 E = Turns spent auto-exploring this place as a percentage of non-inter-level travel turns spent in this place.
 F = Non-inter-level travel turns spent in this place divided by the number of levels of this place that you've seen.
                   A       B       C       D       E      F
               +-------+-------+-------+-------+-------+----------------------
         Total | 100.0 | 100.0 |   0.9 |   8.4 |  23.3 | 163.0
       Dungeon | 100.0 | 100.0 |   0.9 |   8.4 |  23.3 | 163.0
               +-------+-------+-------+-------+-------+----------------------

Table legend:
 A = Kills in this place as a percentage of kills in entire the game.
 B = Kills by you in this place as a percentage of kills by you in the entire game.
 C = Kills by friends in this place as a percentage of kills by friends in the entire game.
 D = Other kills in this place as a percentage of other kills in the entire game.
 E = Experience gained in this place as a percentage of experience gained in the entire game.
 F = Experience gained in this place divided by the number of levels of this place that you have seen.
                   A       B       C       D       E      F
               +-------+-------+-------+-------+-------+----------------------
         Total | 100.0 | 100.0 |  -nan |  -nan | 100.0 |  63.0
       Dungeon | 100.0 | 100.0 |  -nan |  -nan | 100.0 |  63.0
               +-------+-------+-------+-------+-------+----------------------

Vanquished Creatures
  Crazy Yiuf (D:3)
  A hound (D:3)
  Terence (D:3)
  3 adders
  2 worms
  A giant gecko (D:3)
  2 orcs
  7 bats
  3 giant cockroaches
  9 goblins
  9 hobgoblins
  4 jackals
  2 quokkas (D:3)
  A ball python (D:3)
  A giant newt (D:2)
  6 kobolds
  15 rats
68 creatures vanquished.

Notes
Turn   | Place    | Note
--------------------------------------------------------------
     0 | D:1      | gw, the Ogre Berserker, began the quest for the Orb.
     0 | D:1      | Reached XP level 1. HP: 24/24 MP: 1/1
   290 | D:1      | Reached XP level 2. HP: 32/32 MP: 2/2
   588 | D:1      | Reached skill level 1 in Throwing
   640 | D:1      | Acquired Trog's second power
   932 | D:2      | Reached XP level 3. HP: 38/40 MP: 3/3
  1109 | D:2      | Reached skill level 5 in Maces & Flails
  1268 | D:2      | Found a shimmering altar of Xom.
  1438 | D:2      | Reached XP level 4. HP: 41/49 MP: 4/4
  1690 | D:3      | Noticed Terence
  1721 | D:3      | Killed Terence
  2038 | D:3      | Found a burning altar of Makhleb.
  2169 | D:3      | Reached XP level 5. HP: 55/55 MP: 5/5
  2241 | D:3      | Found a glowing golden altar of the Shining One.
  2551 | D:3      | Found a snail-covered altar of Cheibriados.
  2699 | D:3      | Reached skill level 6 in Maces & Flails
  2862 | D:3      | Noticed Crazy Yiuf
  2870 | D:3      | Killed Crazy Yiuf
  2870 | D:3      | Reached skill level 5 in Fighting
  3082 | D:3      | Found an ancient bone altar of Kikubaaqudgha.
  3087 | D:3      | Found a radiant altar of Vehumet.
  3101 | D:3      | Found a deep blue altar of Sif Muna.
  3218 | D:4      | Noticed Sigmund
  3485 | D:4      | Slain by Sigmund

Action                   |  1- 3 |  4- 6 || total
-------------------------+-------+-------++-------
Melee: Mace              |    72 |    96 ||   168
Throw: Stone             |    94 |    59 ||   153
Invok: Berserk           |       |     2 ||     2
       Trog's Hand       |       |     1 ||     1
  Use: Scroll            |     4 |     3 ||     7
       Potion            |     3 |     2 ||     5
  Eat: Chunk             |     2 |     5 ||     7
       Meat ration       |       |     1 ||     1

Vault maps used:
D:1:      eino_arrival_tree_alley, hangedman_abyss_or_decor_stabs, st_stairs_1
D:2:      old_standard_altar
D:3:      grunt_temple_overflow_magic_moments, cheibriados_altar_wand_db,
          tso_metal_star, makhleb_blood_cavern_becter, uniq_crazy_yiuf_cottage,
          uniq_terence
D:4:      serial_bayou_pond_c, uniq_natasha, uniq_pikel, uniq_sigmund
